Cogmind - Beta 10.2 @@@ ROGUE MODE // 2021.04.30 @ 08:51:20 Player: Cinquain Result: Destroyed by G-34 Mercenary with Small Laser Performance ------------- Evolutions (0) 0 Regions Visited (1) 200 Robots Destroyed (20) 100 Value Destroyed (495) 495 Prototype IDs (0) 0 Alien Tech Used (0) 0 Bonus (0) 0 TOTAL SCORE: 795 Bonus ------- None Cogmind --------- Core Integrity 0/250 Matter 274/300 Energy 99/100 System Corruption 0% Temperature Cool (6) Movement Core (550) Ox10 Location -10/Materials Parts ------- > --- POWER (1) -------- (None) > --- PROPULSION (2) --- (None) > --- UTILITY (2) ------ Large Storage Unit Large Storage Unit > --- WEAPON (2) ------- Light Assault Rifle > --- INVENTORY (16) --- Ion Engine Light Treads Light Treads Wheel Wheel Small Storage Unit Hacking Suite Grenade Launcher Peak State ------------ > --- POWER ------------ Ion Engine > --- PROPULSION ------- Aluminum Leg Aluminum Leg > --- UTILITY ---------- Large Storage Unit Large Storage Unit > --- WEAPON ----------- Light Assault Rifle Light Assault Rifle > --- INVENTORY -------- Ion Engine Light Treads Light Treads Wheel Wheel Small Storage Unit Hacking Suite Light Assault Rifle Light Assault Rifle Grenade Launcher [Rating: 8] Favorites ----------- Power Ion Engine Engine Ion Engine Propulsion Aluminum Leg Treads Light Treads Leg Aluminum Leg Utility Large Storage Unit Storage Large Storage Unit Weapon Light Assault Rifle Energy Gun Small Laser Ballistic Gun Light Assault Rifle Launcher Grenade Launcher Build | -11 -10 ------- Run | Scr Mat Slots Evolved . | . . Power . | . . Propulsion . | . . Utility . | . . Weapon . | . . Parts Attached 16 | 7 9 Power 1 | 1 . Engine 1 | 1 . Core . | . . Reactor . | . . Propulsion 3 | 3 . Treads 1 | 1 . Leg 2 | 2 . Wheel . | . . Hover . | . . Flight . | . . Utility 3 | 1 2 Device . | . . Storage 3 | 1 2 Processor . | . . Hackware . | . . Protection . | . . Artifact . | . . Weapon 9 | 2 7 Energy Gun 1 | . 1 Energy Cannon . | . . Ballistic Gun 7 | 2 5 Ballistic Cannon . | . . Launcher 1 | . 1 Special Weapon . | . . Impact Weapon . | . . Slashing Weapon . | . . Piercing Weapon . | . . Special Melee Weapon . | . . Unidentified Prototypes . | . . Parts Lost 9 | . 9 Power 1 | . 1 Propulsion 2 | . 2 Utility . | . . Weapon 6 | . 6 Highest Loss Streak 5 | . 5 Average Slot Usage (%) 91 | . 91 Engine 13 | . 13 Leg 25 | . 25 Storage 25 | . 25 Ballistic Gun 25 | . 25 Naked Turns . | . . Heaviest Build 41 | 11 41 Greatest Support 20 | 20 20 Greatest Overweight (x) 4 | 2 4 Average Overweight (x) . | . 1 Largest Inventory Capacity 16 | 6 16 Average Capacity 13 | 5 14 Most Carried 10 | 6 10 Average Carried 8 | 5 8 Final Capacity 16 | 6 16 Final Carried 8 | 6 8 Class Distribution -------------------- 100% | Mutant Dominant Class ---------------- Mutant | -10/Materials Resources | -11 -10 ----------- Run | Scr Mat Matter Collected 456 | 187 269 Remotely . | . . Salvage Created 536 | . 536 Parts 52 | . 52 Haulers Intercepted . | . . Recyclers Shooed 3 | . 3 Parts Field Recycled . | . . Retrieved Matter . | . . Parts Self-Destructed . | . . Prevented . | . . Kills | -11 -10 ------- Run | Scr Mat Combat Hostiles Destroyed 17 | . 17 Guns 14 | . 14 AOE 3 | . 3 Classes Destroyed 4 | . 4 Operator 2 | . 2 Watcher 1 | . 1 Swarmer 6 | . 6 Grunt 11 | . 11 Best Kill Streak 3 | . 3 Combat Bots Only 3 | . 3 Max Kills in Single Turn 3 | . 3 Gunslinging 1 | . 1 Exploded 3 | . 3 Melee . | . . Uniques/NPCs Destroyed . | . . Combat | -11 -10 -------- Run | Scr Mat Damage Taken 1173 | . 1173 Core 252 | . 252 Absorbed by Shields . | . . Core Remaining (%) 100 | 100 . Volleys Fired 85 | . 85 Largest 2 | . 2 Hottest 60 | . 60 Shots Fired 142 | . 142 Gun 140 | . 140 Cannon . | . . Launcher 2 | . 2 Special . | . . Kinetic 136 | . 136 Thermal 4 | . 4 Explosive 2 | . 2 Electromagnetic . | . . Robot Hit Streak 11 | . 11 Robot Miss Streak 3 | . 3 Penetration Max . | . . Secondary Targets 4 | . 4 Max Gunslinging Chain 1 | . 1 Shots Hit Robots 91 | . 91 Core Hits 44 | . 44 Critical Hits 1 | . 1 Critical Kills 1 | . 1 Critical Parts Destroyed . | . . Melee Attacks . | . . Impact . | . . Slashing . | . . Piercing . | . . Sneak Attacks . | . . Combat Hostiles . | . . Follow-up Attacks . | . . Damage Inflicted 998 | . 998 Guns 794 | . 794 Cannons . | . . Explosions 204 | . 204 Melee . | . . Ramming . | . . Kinetic 751 | . 751 Thermal 43 | . 43 Explosive 204 | . 204 Electromagnetic . | . . Impact . | . . Slashing . | . . Piercing . | . . Highest Corruption . | . . Average Corruption . | . . Corruption Purged . | . . Overload Shots . | . . Overflow Damage . | . . Projectiles . | . . Explosions . | . . Melee . | . . Knockbacks . | . . Impact . | . . Kinetic . | . . Secondary . | . . Self-Inflicted Damage . | . . Shots . | . . Rammed . | . . Targets Rammed . | . . Kicked . | . . Crushed . | . . Highest Temperature 35 | . 35 Average Temperature 11 | . 11 Received Heat Transfer 528 | . 528 Siege Activations . | . . Robots Corrupted . | . . Combat Hostiles . | . . Parts Fried . | . . Impact Corruptions . | . . Robots Melted . | . . Combat Hostiles . | . . Parts Melted . | . . Heat Transferred 100 | . 100 Parts Sabotaged . | . . Parts Stolen . | . . Parts Stripped . | . . Power Chain Reactions . | . . Missiles Intercepted . | . . Alert | -11 -10 ------- Run | Scr Mat Peak Influence 182 | . 182 Initial . | . . Average 65 | . 69 Maximum Alert Level . | . . Low Security (%) 100 | 100 100 Level 1 . | . . Level 2 . | . . Level 3 . | . . Level 4 . | . . Level 5 . | . . High Security . | . . Max Security . | . . Squads Dispatched 5 | . 5 Investigation 2 | . 2 Extermination . | . . Reinforcement 3 | . 3 Assault . | . . Garrison . | . . Intercept . | . . Construction Impeded . | . . Haulers Reinforced . | . . Stealth | -11 -10 --------- Run | Scr Mat Distress Signals 4 | . 4 Communications Jammed . | . . Distress Signals . | . . Times Spotted 34 | . 34 Peak Tracking Total 5 | . 5 Tactical Retreats 2 | . 2 Traps | -11 -10 ------- Run | Scr Mat Traps Triggered 4 | . 4 Indirectly . | . . Trap Hack Attempts . | . . Triggered . | . . Disarmed . | . . Reprogrammed . | . . Reused . | . . Traps Extracted . | . . Installed . | . . Triggered . | . . Machines | -11 -10 ---------- Run | Scr Mat Machines Disabled . | . . Max in Single Turn . | . . Machines Sabotaged . | . . Garrisons Compromised . | . . Overloaded Fab Kills . | . . Fab Network Shutdowns . | . . Hacking | -11 -10 --------- Run | Scr Mat Machines Accessed 3 | . 3 Terminals 3 | . 3 Fabricators . | . . Repair Stations . | . . Recycling Units . | . . Scanalyzers . | . . Garrison Access . | . . Total Hacks 11 | . 11 Successful 9 | . 9 Failed 2 | . 2 Catastrophic . | . . Database Lockouts . | . . Manual 11 | . 11 Terminals 11 | . 11 Fabricators . | . . Repair Stations . | . . Recycling Units . | . . Scanalyzers . | . . Garrison Access . | . . Terminal Hacks 2 | . 2 Unreport Threat 2 | . 2 Fabricator Hacks . | . . Repair Station Hacks . | . . Recycling Unit Hacks . | . . Scanalyzer . | . . Garrison Access Hacks . | . . Unauthorized Hacks 7 | . 7 Terminals 7 | . 7 Track 3 | . 3 Botnet 3 | . 3 Operators 1 | . 1 Fabricators . | . . Repair Stations . | . . Recycling Units . | . . Scanalyzers . | . . Garrison Access . | . . Data Cores Recovered . | . . Used . | . . Hacking Detections 2 | . 2 Full Trace Events . | . . Feedback Events . | . . Feedback Blocked . | . . Robot Schematics Acquired . | . . Robots Built . | . . Matter . | . . Time . | . . Total Robot Build Rating . | . . Part Schematics Acquired . | . . Parts Built . | . . Matter . | . . Time . | . . Total Part Build Rating . | . . Parts Repaired . | . . Time . | . . Parts Recycled . | . . Recycled Matter . | . . Retrieved Matter . | . . Retrieved Components . | . . Parts Scanalyzed . | . . Part Schematics Acquired . | . . Parts Damaged . | . . Bothacking | -11 -10 ------------ Run | Scr Mat Used RIF Installer . | . . Robots Hacked . | . . Non-combat . | . . Combat . | . . Robot Hacks Applied . | . . Relay Couplers Released . | . . Robots Rewired . | . . Allies Hacked . | . . Hacks Repelled . | . . Allies | -11 -10 -------- Run | Scr Mat Total Allies . | . . Largest Group . | . . Highest-Rated Group . | . . Highest-Rated Ally . | . . Total Orders . | . . Ally Attacks . | . . Total Damage . | . . Kills . | . . Allies Corrupted . | . . Allies Melted . | . . Intel | -11 -10 ------- Run | Scr Mat Robot Analysis Total . | . . Derelict Logs Recovered . | . . Drone Launches . | . . Drone Recoveries . | . . Exploration | -11 -10 ------------- Run | Scr Mat Turns Passed 1127 | 66 1061 Spaces Moved 584 | 43 541 Core 13 | 13 . Treads 5 | 5 . Legs 566 | 25 541 Wheels . | . . Hover . | . . Flight . | . . Fastest Speed 50 | 50 120 Average Speed 148 | 116 150 Slowest Speed 240 | 160 240 Overloaded Moves . | . . Propulsion Burnouts . | . . Robots Hopped . | . . Cave-ins Triggered . | . . Exploration Rate (%) 43 | 3 84 Regions Visited 1 Branch Regions . Pre-discovered Areas . | . . Known Exits Taken . | . . Unknown Exits Taken 1 | 1 . Scrap Searched . | . . Spaces Dug . | . . Terrain Destroyed 17 | . 17 Melee . | . . Projectile . | . . AOE 17 | . 17 Terrain Rammed . | . . Walls Destroyed . | . . Machines Disabled . | . . Actions | -11 -10 --------- Run | Scr Mat Total 727 | 56 671 Wait 29 | . 29 Move 583 | 42 541 Hop . | . . Pick Up 14 | 7 7 Fast Attach 6 | 5 1 Attach 6 | 1 5 Detach . | . . Swap 4 | 1 3 Drop . | . . Fire 85 | . 85 Melee . | . . Ram . | . . Kick . | . . Crush . | . . Escape Stasis . | . . Rewire . | . . Trap . | . . Miscellaneous . | . . Route ------- -11/Scrapyard -10/Materials (discovered 3 exits: [*Mat x2] / [*Min]) History --------- Turn | Location | Event 21 | -11/Scrapyard | Discovered new exit (range 16) 67 | -11/Scrapyard | Entered Materials 304 | -10/Materials | Build established: Mutant 430 | -10/Materials | Discovered new exit (range 14) 525 | -10/Materials | Discovered new exit (range 16) 869 | -10/Materials | Discovered new exit (range 16) 1090 | -10/Materials | Core integrity fell below 50% 1117 | -10/Materials | Core integrity fell below 20% 1128 | -10/Materials | Destroyed by G-34 Mercenary with Small Laser Last Messages --------------- 00974_ The unstable cave ceiling collapses. 00977_ U-05 Engineer lays Concrete. 00986_ U-05 Engineer builds a Wall. 01013_ R-06 Scavenger collects Sml. Laser. 01017_ R-06 Scavenger collects Aluminum Leg. 01020_ R-06 Scavenger collects Ion Engine. 01047_ Triggered Alarm Trap. 01047_ An alarm sounds. 01047_ ALERT: Alarm triggered, dispatching investigation squad. 01055_ Acquired Sml. Laser. 01065_ U-05 Engineer lays Concrete. 01072_ W-16 Scout sends out distress signal. 01072_ U-05 Engineer lays Concrete. 01098_ Lgt. Assault Rifle destroyed. 01099_ Aluminum Leg destroyed. 01100_ G-34 Mercenary destroyed. 01100_ Ion Engine destroyed. 01102_ Lgt. Assault Rifle destroyed. 01114_ Sml. Laser destroyed. 01120_ G-34 Mercenary destroyed. Map ----- +----------------------------------------------------+ | ??????????# """%=#???????????# # ### | | ??????????# """ #???????????# ########?# #### | | ??????????# """ #???????????# ########## #??# | | ??????????# """ #???????????# ## = ! # #??# | | ????####### *% #???????????# ## + #??# | | ????# ###/###########????# ## = = # #??# | | ????# == ###### ########## #??? | | ????# #???# #??? | | ????# ######### #???# #??? | | ????# ###############???????# #???# #??? | | ????## ##########?????????????# #???# #??? | | ?????# # #????????????# #???# +??? | | ?????# # """ """ #????????????## ##???# #??? | | ?????# + """ """ ####??????????# #????# #??? | | ?????# # """ """ """#??????????# #????# #??? | | ?????# # R"#??????????# #????# #??? | | ?????# # ! """#?????????## ####?# #??? | | ?????# # ###??????????# "#?# #??? | | ?????# # #????????????# ""#?# #??? | | ?????# ####+######????????????# !!#?# ???? | | ?????# #### ################### < ""#?? ???? | | ###### # # !!#????????? | | # #!!! # ""####+##### | | # #%! # "# # | | """ !# [ #=== ## #### # | | """ # !% % +%@ !## #??# """"" + | | """ # * #g" """ ## #### """"" # | | """ + ##########+#### T """ ## + """"" # | | # #??????? ?# " """ ## #### # | | """ # #####??# # ## #??#####+#### | | """ # ==#??# """ ########### ######## ##?? | | """ # ==#??# """ #?????????# ### | | """ # !!#??# """ #?????????# % *% | | # !!#??# #?????????# ### | | ###### ==#??########?????????# ###########? | | ?????# ==#???????????????????# # ! #? | | ?????# ######??????????????????# # #? | | ?????# #? #???????????o??????# #| #? | | ????## # #?????????????????## # #? | | ????# # #?????????????????# ##+########? | | ????## # #?????????????????# #?????? | | ????##! + #?????????????????# % #?????? | | ???### # #?????????????????# #?????? | | ???# = <%# #?????????????????# """ #?????? | | ???## = #???????????########kk""" ####### | | ????# ### #???????????# ] + " | | ????####### ###???????????# # | | ???????????##?????????????#""" [# ! r | | ??????????????????????????#"T # ####### | | ??????????????????????????#""" # ""#???# | +----------------------------------------------------+ Best States ------------- Heat Dissipation 25 Energy Generation 10 Energy Capacity 250 Matter Stores 300 Matter Capacity 300 Sight Range 16 Terrain Scan Density 10 Evasion (%) 50 Recoil Reduction 1 Item Schematics ----------------- None Robot Schematics ------------------ None Fabricated ------------ Nothing Alien Tech Used ----------------- None Achievements -------------- None Challenges ------------ None Game ------ Seed TransportGrenadeDatajack Manual? 0 Play Time 00:13:58 Cumulative 80.9 hours Start 2021.04.30 @ 08:18:39 End 2021.04.30 @ 08:51:20 Sessions 1 Manual Loads 0 Difficulty Rogue Special Mode None Game No. 41 Rogue 38 Adventurer 3 Explorer 0 Win Type - Total 3 Types 2/0/0/1/0/0/0/0/0 Lore% 42 Gallery% 41 Achievement% 38 Wizard Run 0 Options --------- ASCII 0 Keyboard 0 Movement Mouse Keybinds 0 Fullscreen 1 Font 24/Terminus Map View 76x50 Tactical HUD 1 Map Filters NONE Filters NONE Steam 1 RUN: 91ab86e1-7a10-43a3-8a42-2ee4dd057862